 Dungeon Crawl Stone Soup version 0.30-a0-509-gd016549fea (webtiles) character file.

Game seed: 587189689266053670

1541637 ragingrage the Warrior (level 25, 210/210 HPs)
             Began as a Mummy Fighter on Dec 21, 2022.
             Was the Champion of Okawaru.
             Escaped with the Orb
             ... and 3 runes on Dec 22, 2022!
             The game lasted 02:29:35 (77106 turns).

ragingrage the Warrior (Mummy Fighter)             Turns: 77106, Time: 02:29:35

Health: 210/210    AC: 31    Str: 24    XL:     25   Next: 8%
Magic:  36/36      EV: 27    Int: 10    God:    Okawaru [******]
Gold:   5230       SH: 18    Dex: 34    Spells: 34/42 levels left

rFire   + + +      SeeInvis +    a - +9 demon blade (drain)
rCold   + . .      Faith    +    O - +0 kite shield {AC+3}
rNeg    + + +      Spirit   +    U - +4 fire dragon scales
rPois   ∞          Reflect  .    o - +2 helmet {SInv}
rElec   +          Harm     .    e - scarf {rC+ rF+}
rCorr   .          Rampage  .    q - +0 pair of fencer's gloves {Riposte Dex+3}
Will    +++..                    k - +2 pair of boots
Stlth   +.........               p - amulet of Taonge Qast {Spirit Fragile rF+ Regen+ Dex+2}
HPRegen 1.35/turn                l - ring of Axoddo {rElec AC+4 Str+3 Int+2}
MPRegen 0.25/turn                w - +8 ring of dexterity

@: studying Maces & Flails
A: cold resistance 1, negative energy resistance 3, torment resistance 2, heat
vulnerability 1, in touch with death 2, no potions, faith
0: Orb of Zot
}: 3/15 runes: barnacled, slimy, gossamer
a: Renounce Religion, Heroism, Finesse, Duel


You escaped.
You worshipped Okawaru.
Okawaru was exalted by your worship.
You visited 11 branches of the dungeon, and saw 52 of its levels.
You visited 2 bazaars.
You also visited: Bailey and Ice Cave.

You collected 10048 gold pieces.
You spent 4818 gold pieces at shops.

Inventory:

Hand Weapons
 a - a +9 demon blade of draining (weapon)
 b - a +0 hand crossbow
 M - the +7 demon blade "Giant's Regret" {pain, Str+3}
   (You acquired it on level 3 of the Lair of Beasts)

   In the hands of one skilled in necromantic magic, it inflicts extra damage on
   living creatures.
   Str:       It affects your strength (+3).
Missiles
 g - 57 poisoned darts
 r - 3 throwing nets
 t - 10 javelins
 G - 25 curare-tipped darts
 H - 46 boomerangs (quivered)
 W - a silver javelin
Armour
 e - a scarf of resistance (worn)
 k - a +2 pair of boots (worn)
 o - a +2 helmet of see invisible (worn)
 q - the +0 pair of fencer's gloves (worn) {Riposte Dex+3}
   (You found it on level 1 of the Vaults)

   It allows the wearer to riposte with melee weapons, swiftly retaliating
   against missed or blocked melee attacks.
   Dex:       It affects your dexterity (+3).
 O - a +0 kite shield of protection (worn)
 U - +4 fire dragon scales (worn)
 V - a scarf of repulsion
Jewellery
 l - the ring of Axoddo (left hand) {rElec AC+4 Str+3 Int+2}
   (You bought it in a shop in a bazaar)

   [ring of protection]

   AC:        It affects your AC (+4).
   Str:       It affects your strength (+3).
   Int:       It affects your intelligence (+2).
   rElec:     It insulates you from electricity.
 p - the amulet of Taonge Qast (around neck) {Spirit Fragile rF+ Regen+ Dex+2}
   (You bought it in a shop in a bazaar)

   [amulet of guardian spirit]

   It causes incoming damage to be divided between your reserves of health and
   magic.
   Dex:       It affects your dexterity (+2).
   rF:        It protects you from fire.
   Regen:     It increases your rate of health regeneration.
   Fragile:   It will be destroyed if unequipped.
 w - a +8 ring of dexterity (right hand)
 I - a ring of resist corrosion
 L - a ring of flight
Wands
 m - a wand of iceblast (34)
 u - a wand of polymorph (8)
 y - a wand of mindburst (18)
 z - a wand of flame (12)
 D - a wand of light (19)
 F - a wand of digging (1)
 P - a wand of paralysis (40)
Scrolls
 c - 5 scrolls of enchant weapon
 d - 3 scrolls of torment
 f - 5 scrolls of fear
 i - 26 scrolls of teleportation
 s - 9 scrolls of vulnerability
 A - 6 scrolls of amnesia
 B - 6 scrolls of blinking
 C - 4 scrolls of brand weapon
 E - 4 scrolls of enchant armour
 J - 14 scrolls of fog
 K - 8 scrolls of immolation
 N - 4 scrolls of magic mapping
 R - 3 scrolls of silence
 T - 6 scrolls of poison
Miscellaneous
 h - a tin of tremorstones (2/2)
 n - a lightning rod (4/4)
 v - a condenser vane (inert)
 Q - a phial of floods


   Skills:
 - Level 20.0 Fighting
 - Level 15.0 Long Blades
 - Level 6.0 Throwing
 - Level 12.0 Armour
 + Level 16.1 Dodging
 - Level 5.0 Stealth
 + Level 16.5 Shields
 - Level 9.0 Spellcasting
 - Level 1.6 Conjurations
 - Level 5.2 Necromancy
 - Level 8.0 Translocations
 - Level 2.5 Air Magic
 - Level 2.7 Earth Magic
 - Level 12.0 Invocations
 + Level 14.0 Evocations


You had 34 spell levels left.
You knew the following spells:

 Your Spells              Type           Power      Damage    Failure   Level
a - Shock                 Conj/Air       32%        1d5       24%         1
b - Borgnjor's Vile Clut  Necr/Erth      14%        N/A       97%         5
c - Blink                 Tloc           40%        N/A       3%          2

Your spell library contained the following spells:

 Spells                   Type           Power      Damage    Failure   Level
 Gell's Gravitas          Tloc           20%        N/A       6%          3
 Lesser Beckoning         Tloc           40%        N/A       6%          3
 Teleport Other           Tloc           20%        N/A       6%          3
 Momentum Strike          Conj/Tloc      28%        3d8       12%         2
 Kiss of Death            Conj/Necr      100%       2d13      14%         1
 Sandblast                Erth           18%        2d7       19%         1
 Vhi's Electric Charge    Tloc/Air       30%        N/A       21%         3
 Magic Dart               Conj           28%        1d4       28%         1
 Kindle Blastsparks       Fire/Tloc/Air  22%        2d11      38%         3
 Passwall                 Tmut/Erth      5%         N/A       45%         2
 Swiftness                Air            9%         N/A       52%         3
 Dispel Undead            Necr           33%        3d14      54%         4
 Stone Arrow              Conj/Erth      16%        3d8       56%         3
 Iskenderun's Mystic Bla  Conj/Tloc      14%        2d5       61%         4
 Ensorcelled Hibernation  Hex/Ice        8%         N/A       65%         2
 Scorch                   Fire           8%         2d5       65%         2
 Mephitic Cloud           Conj/Pois/Air  7%         N/A       69%         3
 Dazzling Flash           Conj/Hex       12%        N/A       77%         3
 Hailstorm                Conj/Ice       6%         3d4       77%         3
 Confusing Touch          Hex            4%         N/A       86%         3
 Frozen Ramparts          Ice            8%         1d2       86%         3
 Ignite Poison            Fire/Tmut/Pois 4%         N/A       86%         3
 Inner Flame              Hex/Fire       4%         N/A       86%         3
 Ozocubu's Armour         Ice            4%         N/A       86%         3
 Anguish                  Hex/Necr       10%        N/A       89%         4
 Airstrike                Air            4%         2d(1-17)  90%         4
 Leda's Liquefaction      Hex/Erth       3%         N/A       97%         4
 Cause Fear               Hex            2%         N/A       99%         4
 Flame Wave               Conj/Fire      6%         2d5       99%         4
 Fulminant Prism          Conj/Hex       3%         3d5       99%         4
 Sticky Flame             Conj/Fire      6%         2d3       99%         4
 Lee's Rapid Deconstruct  Erth           4%         3d5*      99%         5
 Arcjolt                  Conj/Air       4%         1d14      100%        5
 Fireball                 Conj/Fire      3%         3d4       100%        5
 Freezing Cloud           Conj/Ice/Air   3%         6-21      100%        5
 Irradiate                Conj/Tmut      3%         3d12      100%        5
 Iskenderun's Battlesphe  Conj           7%         2d6       100%        5
 Metabolic Englaciation   Hex/Ice        2%         N/A       100%        5
 Silence                  Hex/Air        3%         N/A       100%        5
 Yara's Violent Unravell  Hex/Tmut       2%         3d3       100%        5
 Conjure Ball Lightning   Conj/Air       4%         3x3d6     100%        6
 Iron Shot                Conj/Erth      4%         9d2       100%        6
 Orb of Destruction       Conj           3%         9d5       100%        7
 Discord                  Hex            2%         N/A       100%        8
 Lehudib's Crystal Spear  Conj/Erth      4%         10d3      100%        8
 Maxwell's Capacitive Co  Air            4%         ∞         100%        8
 Animate Dead             Necr           Unusable   N/A       N/A         4
 Call Imp                 Summ           Unusable   N/A       N/A         2
 Spider Form              Tmut/Pois      Unusable   N/A       N/A         3
 Animate Armour           Summ/Erth      Unusable   N/A       N/A         4
 Ice Form                 Ice/Tmut       Unusable   N/A       N/A         4
 Summon Ice Beast         Ice/Summ       Unusable   N/A       N/A         4
 Blade Hands              Tmut           Unusable   N/A       N/A         5
 Death Channel            Necr           Unusable   N/A       N/A         6
 Simulacrum               Ice/Necr       Unusable   N/A       N/A         6
 Statue Form              Tmut/Erth      Unusable   N/A       N/A         6
 Summon Cactus Giant      Summ           Unusable   N/A       N/A         6
 Dragon Form              Tmut           Unusable   N/A       N/A         7

Dungeon Overview and Level Annotations

Branches:
Dungeon (15/15)            Temple (1/1) D:6            Lair (5/5) D:10
 Shoals (4/4) Lair:2       Spider (4/4) Lair:3        Slime (5/5) Lair:4
    Orc (2/2) D:9             Elf (3/3) Orc:2        Vaults (4/5) D:13
  Crypt (0/3) Vaults:2     Depths (4/4) D:15            Zot (5/5) Depths:4
 Bailey (visited)           IceCv (visited)

Altars:
Ashenzari
Cheibriados
Dithmenos
Fedhas
Gozag
Hepliaklqana
Kikubaaqudgha
Makhleb
Nemelex Xobeh
Okawaru
Qazlal
Ru
Sif Muna
Trog
Uskayaw
Vehumet
Wu Jian
Xom
Yredelemnul
Jiyva

Shops:
D:6 *   D:7 [   D:13 *   Orc:2 =*[(   Shoals:1 **   Shoals:2 :   Vaults:2 =
Vaults:3 [   Vaults:4 =*   Depths:1 ::==   Depths:2 !   Depths:3 ?

Portals:
Hell: Depths:1 Depths:2 Depths:3 Depths:4
Abyss: Depths:3
Pandemonium: Depths:2
Ziggurat: Depths:1

Annotations:
D:4 2 runed translucent doors
D:6 2 transporters, 1 runed translucent door, exclusion: downstairs, 0gre's ghost, novice DsIE
D:10 4 exclusions
Lair:3 3 runed translucent doors, bmack86's ghost, journeyman MiFi
Lair:4 1 runed translucent door, lotum's ghost, journeyman BaFi
Slime:4 exclusion: downstairs
Elf:2 3 runed translucent doors
Vaults:3 2 transporters, Ladeyfunk's ghost, adept DsBe
Vaults:4 3 runed translucent doors, Bipeafy's ghost, veteran MiAE
Depths:2 exclusion: 2 doors
Zot:5 1 exclusion


Innate Abilities, Weirdness & Mutations

You are immune to poison.
Your flesh is cold resistant. (rC+)
You are immune to negative energy. (rN+++)
You are immune to unholy pain and torment.
You are vulnerable to heat. (rF-)
You are strongly in touch with the powers of death.
You do not drink.
You have a special connection with the divine. (Faith)


Message History

You see here a +3 whip.
(D) Dungeon (T) Temple (L) Lair (A) Shoals (N) Spider Nest (M) Slime Pits (O) Orcish Mines (E) Elven Halls (V) Vaults (C) Crypt (U) Depths (H) Hell (Z) Zot
Where to? (Enter - D:1 @ (x,y), ? - help)
What level of the Dungeon? (default 1, ? - help)
You see here a +0 robe.
There is a stone staircase leading up here.
You climb upwards.
There is a stone staircase leading down here.
There is a stone staircase leading up here.
You climb upwards.
There is a stone staircase leading down here.
There is an open door here.
You feel like a meek peon again.
Things that are here:
a +0 ring mail; a yellow potion Your magic seems less tainted.
There is a stone staircase leading up here.
You climb upwards.
There is a stone staircase leading down here.
An Executioner comes into view.
You enter the shallow water.
Moving in this stuff is going to be slow.
The Executioner gestures.
The Executioner seems to speed up.
You block the Executioner's attack.
You riposte.
You closely miss the Executioner. The Executioner completely misses you.
You block the Executioner's attack.
There is a staircase leading out of the dungeon here.
You slice the Executioner!!
The Executioner is heavily wounded.
The Executioner barely misses you.
You riposte.
You cut the Executioner into ribbons!!!
You kill the Executioner!
Okawaru accepts your kill.
You enter the shallow water.
Moving in this stuff is going to be slow.
There is a staircase leading out of the dungeon here.
You have escaped!

......####≈≈≈≈≈≈≈≈≈≈≈#...........
......# #≈≈≈≈≈~~~≈≈≈#...####....
......####≈≈≈~...≈≈≈≈#...# #....
........##≈≈≈~...~≈≈≈#.### #....
........##≈≈~.....~≈≈#.# #...#
...##...##≈~...~...~≈#.# #...#
...#######≈~).~~~..~≈#.# #...#
...#######≈~.~~~~~.~~#.# #...#
........##~..~~≈@~..~#.#########.
........##~.~~.~≈~..~#......####.
........##....~≈≈~~.##...........
.#......##.~~~~≈≈≈~.##...........
.#.......#.~≈.≈~~≈~~.#...........
.........#.~~~.≈..~~.#.##........
.........#..~≈.≈.~~~.#.##........
.........#..~.~.~≈...#.##........
.........##..~...~.....##.....###


There were no monsters in sight!

Vanquished Creatures
  the Royal Jelly (Slime:5)
  3 orbs of fire
  Mara (Shoals:3)
  Vv (Zot:4)
  6 Killer Klowns
  Margery (Vaults:4)
  Saint Roka (Vaults:4)
  A curse toe (Zot:2)
  A caustic shrike (Depths:3)
  10 golden dragons
  3 pandemonium lords
  the Enchantress (D:15)
  Jory (Depths:3)
  2 profane servitors
  A Tzitzimitl (Depths:4)
  A bone dragon (Depths:4)
  An electric golem (Zot:5)
  Zenata (Vaults:2)
  2 Ice Fiends
  A walking crystal tome (Depths:3)
  4 quicksilver dragons
  20 tentacled monstrosities
  22 Orb Guardians
  5 liches
  A titan (Depths:3)
  3 walking frostbound tomes (Depths:3)
  An Executioner (D:1)
  2 deep elf master archers (Elf:3)
  2 deep elf blademasters (Elf:3)
  12 acid blobs
  13 death cobs
  A sphinx (Vaults:2)
  2 krakens
  11 tengu reavers
  Donald (Elf:2)
  10 fire giants
  A shadow dragon (Depths:4)
  Kirke (Spider:1)
  10 storm dragons
  A demonspawn warmonger (D:4)
  4 rockslimes
  3 frost giants
  6 azure jellies
  4 draconian monks (Zot:2)
  7 deep elf sorcerers
  11 vault wardens
  An iron dragon (Depths:3)
  4 draconian knights
  4 emperor scorpions
  8 ghost moths
  5 draconian scorchers
  Aizul (Vaults:1)
  4 spectral caustic shrikes (Depths:1)
  2 draconian stormcallers
  4 draconian shifters
  A demonspawn corrupter (D:4)
  2 orc warlords
  8 ironbound preservers
  13 quicksilver oozes
  Louise (Shoals:1)
  A war gargoyle (Vaults:2)
  11 very ugly things
  A broodmother (Spider:4)
  2 draconian annihilators
  11 stone giants
  4 ironbound thunderhulks
  A vampire knight (Depths:1)
  9 deep elf demonologists
  7 spriggan defenders
  13 green draconians
  8 yellow draconians
  8 dire elephants
  16 black draconians
  12 purple draconians
  6 deep elf annihilators (Elf:3)
  17 spark wasps
  11 red draconians
  12 white draconians
  Snorg (Lair:4)
  A merfolk javelineer (Shoals:2)
  A blizzard demon (Depths:4)
  3 deep elf death magi
  8 fire dragons
  12 yaktaur captains
  5 ettins
  4 deep elf high priests
  2 spectral krakens (Shoals:3)
  8 ice dragons
  8 great orbs of eyes
  11 entropy weavers
  4 merfolk impalers (Shoals:4)
  Fannar (D:11)
  4 vault guards
  8 hydras
  4 rakshasas
  3 ghost crabs (Shoals:3)
  4 spriggan air magi
  Harold (Lair:2)
  3 merfolk aquamancers (Shoals:4)
  A peacekeeper (Vaults:2)
  4 merfolk avatars
  8 ironbound frosthearts
  3 radroaches
  18 centaur warriors
  An alligator snapping turtle (Shoals:4)
  A two-headed ogre (shapeshifter) (Depths:4)
  3 two-headed ogres
  A death knight (D:13)
  12 boulder beetles
  9 dancing weapons
  3 satyrs
  9 hell hogs (Depths:2)
  5 tengu warriors
  8 deep troll shamans
  5 vampire magi
  6 death yaks
  3 deep troll earth magi
  6 orc high priests
  A naga sharpshooter (D:13)
  Urug (D:11)
  A sun demon (Depths:3)
  17 deep elf knights
  4 spriggan berserkers
  9 hell knights
  6 iron trolls
  3 pharaoh ants
  3 goliath frogs
  A shadow demon (D:4)
  A storm dragon skeleton (Depths:1)
  A spark wasp zombie (Depths:1)
  9 sea snakes
  A sea snake (shapeshifter) (Depths:2)
  8 steelbarb worms
  33 deep trolls
  An orb spider (shapeshifter) (D:14)
  4 orb spiders (Spider:4)
  21 deep elf archers
  6 glowing orange brains
  11 lindwurms
  A shadow dragon zombie (Depths:1)
  9 wizards
  16 ironbound convokers
  A mana viper (D:13)
  9 orc knights
  25 deep elf zephyrmancers
  15 harpies
  3 necromancers
  27 wolf spiders
  12 fauns
  29 deep elf pyromancers
  33 ugly things
  4 orc sorcerers
  A shadow dragon skeleton (Depths:1)
  5 cyclopes
  17 manticores
  3 shining eyes
  25 moths of wrath
  A spectral alligator snapping turtle (Shoals:3)
  6 merfolk sirens
  6 elephants (Lair:5)
  5 black mambas
  A guardian serpent (shapeshifter) (D:10)
  A naga mage (D:13)
  2 rust devils
  A smoke demon (Depths:2)
  3 water nymphs
  16 vault sentinels
  2 eyes of devastation
  7 torpor snails
  A spectral sea snake (Shoals:3)
  3 hellions
  18 cane toads
  3 unseen horrors
  7 demonic crawlers
  3 rime drakes
  13 komodo dragons
  32 yaktaurs
  A freezing wraith (IceCv)
  A hellwing (D:13)
  An efreet (D:13)
  4 tengu conjurers
  18 merfolk
  A hornet (shapeshifter) (D:15)
  4 polar bears
  5 hornets
  A spectral harpy (Shoals:3)
  4 meliai
  5 trolls
  A red devil (Depths:2)
  5 wind drakes
  15 blink frogs
  25 tarantellas
  107 slime creatures
  6 snapping turtles
  2 tyrant leeches (Lair:5)
  11 dream sheep
  A spectral wind drake (Shoals:3)
  31 jumping spiders
  8 spriggans
  2 shadows (D:11)
  17 water elementals
  4 air elementals (Elf:3)
  25 culicivoras
  A vampire (D:10)
  A spriggan (shapeshifter) (D:15)
  6 wyverns
  36 yaks
  9 humans
  4 wraiths
  A yak (shapeshifter) (Vaults:1)
  8 basilisks
  2 hogs (Spider:1)
  A death yak simulacrum (IceCv)
  3 wargs
  A redback (shapeshifter) (Depths:2)
  7 vampire mosquitoes
  2 steam dragons
  A chaos spawn (Depths:2)
  71 redbacks
  16 water moccasins
  5 hell hounds (Zot:4)
  An acid dragon (D:9)
  A floating eye (D:15)
  A glowing shapeshifter skeleton (Depths:1)
  54 orc warriors
  A swamp drake (D:9)
  2 sky beasts
  10 ogres
  4 black bears
  11 centaurs
  12 wolves
  A phantom (D:5)
  A small abomination (Depths:4)
  3 kobold brigands
  2 gnoll sergeants
  4 scorpions
  27 bullfrogs
  A cane toad simulacrum (IceCv)
  2 earth elementals
  14 wights
  Dowan (D:6)
  9 killer bees
  6 howler monkeys
  3 electric eels
  6 hounds
  21 orc priests
  3 jellies
  3 iguanas
  Terence (D:2)
  33 orc wizards
  2 polar bear simulacra (IceCv)
  19 gnolls
  6 adders
  3 river rats (D:3)
  2 shadow imps
  A white imp (D:5)
  An ufetubus (D:5)
  3 worms
  3 dart slugs
  94 orcs
  9 ball pythons
  12 endoplasms
  3 giant cockroaches
  16 goblins
  13 hobgoblins
  15 jackals
  20 kobolds
  5 quokkas
  8 bats
  17 frilled lizards
  10 rats
  A bush (D:4)
  A butterfly (D:6)
  13 tentacles
2111 creatures vanquished.

Vanquished Creatures (others)
  A deep elf knight (Elf:1)
  A deep elf archer (Elf:2)
  A deep elf pyromancer (Elf:3)
  A jumping spider (Spider:4)
  A sky beast (D:7)
  An orc warrior (Elf:1)
  30 fungi
  172 plants
  69 tentacles
  9 withered plants (Shoals:3)
286 creatures vanquished.

Grand Total: 2397 creatures vanquished

Notes
Turn   | Place    | Note
-------+----------+-------------------------------------------
     0 | D:1      | ragingrage the Mummy Fighter began the quest for the Orb.
     0 | D:1      | Reached XP level 1. HP: 18/18 MP: 1/1
   286 | D:1      | Reached XP level 2. HP: 19/24 MP: 2/2
   596 | D:1      | Gained mutation: You are in touch with the powers of death.
                  | [Mummy growth]
   596 | D:1      | Reached XP level 3. HP: 25/29 MP: 3/3
   946 | D:2      | Noticed Terence
   968 | D:2      | Killed Terence
  1115 | D:2      | Reached XP level 4. HP: 35/35 MP: 4/4
  1488 | D:3      | Found a snail-covered altar of Cheibriados.
  1547 | D:3      | Found a basalt altar of Yredelemnul.
  1548 | D:3      | Found a shadowy altar of Dithmenos.
  1655 | D:3      | Found a radiant altar of Vehumet.
  2177 | D:3      | Reached XP level 5. HP: 41/41 MP: 5/5
  2702 | D:4      | Found a large runed translucent door.
  2703 | D:4      | Found a large runed translucent door.
  2709 | D:4      | Found a large runed translucent door.
  2709 | D:4      | Found a large runed translucent door.
  2709 | D:4      | Noticed a steam dragon
  2740 | D:4      | Reached skill level 5 in Long Blades
  2934 | D:5      | Entered Level 5 of the Dungeon
  3066 | D:4      | Reached XP level 6. HP: 45/47 MP: 6/6
  3177 | D:4      | You fall into a shaft and drop 3 floors!
  3426 | D:6      | Reached XP level 7. HP: 43/52 MP: 7/7
  3619 | D:6      | Found a transporter.
  4056 | D:5      | Identified the +5 rapier of Koarph {freeze, Fragile Int+4
                  | Dex+9}
  4244 | D:5      | Noticed a wyvern
  4270 | D:5      | Learned a level 1 spell: Shock
  4350 | D:5      | Found an ornate altar of the Wu Jian Council.
  4380 | D:5      | Killed a wyvern
  4381 | D:5      | Reached skill level 1 in Conjurations
  4381 | D:5      | Reached skill level 1 in Air Magic
  4381 | D:5      | Reached XP level 8. HP: 51/58 MP: 8/8
  4877 | D:6      | Found a transporter.
  4878 | D:6      | Noticed an orc high priest
  4939 | D:6      | Noticed a kobold demonologist
  4945 | D:6      | Noticed a kobold demonologist
  4969 | D:6      | Found Hamus's General Store.
  4975 | D:6      | Bought a scroll of teleportation for 42 gold pieces
  4985 | D:6      | Found a runed translucent door.
  4986 | D:6      | Noticed a troll
  4986 | D:6      | Noticed 0gre's ghost (novice DsIE)
  5006 | D:6      | Noticed Dowan
  5014 | D:6      | Noticed Duvessa
  5027 | D:6      | Duvessa changed into Duvessa the worm
  5027 | D:6      | Noticed Duvessa
  5038 | D:6      | Killed Duvessa the worm
  5054 | D:6      | Killed Dowan
  5229 | D:6      | Found a staircase to the Ecumenical Temple.
  5690 | Temple   | Entered the Ecumenical Temple
  5741 | Temple   | Became a worshipper of Warmaster Okawaru
  6047 | D:7      | Found Huth's Antique Armour Boutique.
  6154 | D:7      | Bought a glowing scale mail for 189 gold pieces
  6344 | D:7      | Reached * piety under Okawaru
  6345 | D:7      | Reached XP level 9. HP: 45/63 MP: 9/9
  6539 | D:7      | Reached skill level 10 in Long Blades
  6682 | D:6      | Reached ** piety under Okawaru
  7248 | D:7      | Bought a glowing scarf for 216 gold pieces
  7657 | D:7      | Noticed Sigmund
  7659 | D:7      | Sigmund changed into Sigmund the bullfrog
  7659 | D:7      | Noticed Sigmund
  7665 | D:7      | Killed Sigmund the bullfrog
  8104 | D:7      | Reached *** piety under Okawaru
  8351 | D:8      | Reached XP level 10. HP: 70/70 MP: 10/10
  8796 | D:8      | Noticed a two-headed ogre
  9448 | D:8      | Killed a two-headed ogre
  9573 | D:8      | Reached **** piety under Okawaru
 11292 | D:4      | Found a hazy altar of Hepliaklqana.
 11440 | D:4      | Identified a scroll of acquirement
 11441 | D:4      | Acquired 762 gold pieces
 11883 | D:9      | Identified the +5 ring mail of Pride {rN+ Will- Dex+2}
 11966 | D:9      | Reached ***** piety under Okawaru
 12594 | D:9      | Found a staircase to the Orcish Mines.
 12682 | D:10     | Entered Level 10 of the Dungeon
 12737 | D:10     | Found a flagged portal.
 12765 | Bailey   | Entered a bailey
 13197 | Bailey   | Reached XP level 11. HP: 60/75 MP: 11/11
 13667 | Bailey   | Acquired 847 gold pieces
 13697 | Bailey   | Reached skill level 1 in Invocations
 13829 | Bailey   | Noticed an orc warlord
 14308 | D:10     | Found a staircase to the Lair.
 14819 | D:10     | Received a gift from Okawaru
 14850 | D:9      | Reached skill level 4 in Fighting
 15155 | D:10     | Noticed a boulder beetle
 15506 | D:10     | Identified the +2 scale mail of Sophism {Str+3}
 15517 | D:10     | Got the Verses on Bedrock
 15603 | D:10     | Killed a boulder beetle
 15922 | D:10     | Found a sparkling altar of Nemelex Xobeh.
 15957 | D:11     | Noticed Urug
 15968 | D:11     | Killed Urug
 15968 | D:11     | Received a gift from Okawaru
 15969 | D:11     | Reached skill level 5 in Fighting
 15969 | D:11     | Reached skill level 1 in Dodging
 16186 | D:11     | Reached ****** piety under Okawaru
 16201 | D:11     | Reached skill level 5 in Invocations
 16202 | D:11     | Noticed a two-headed ogre
 16219 | D:11     | Killed a two-headed ogre
 16398 | D:11     | Received a gift from Okawaru
 16399 | D:11     | Reached skill level 1 in Throwing
 16430 | D:11     | Reached XP level 12. HP: 78/87 MP: 15/15
 16437 | D:11     | Reached skill level 6 in Fighting
 16475 | D:11     | Noticed Fannar
 16537 | D:11     | Killed Fannar
 17061 | Lair:1   | Entered Level 1 of the Lair of Beasts
 17769 | Lair:1   | Received a gift from Okawaru
 18335 | Lair:2   | Noticed Harold
 18348 | Lair:2   | Reached skill level 7 in Fighting
 18352 | Lair:2   | Killed Harold
 18515 | Lair:2   | Found a staircase to the Shoals.
 18826 | Lair:2   | Identified the +0 pair of gloves of Grace {Int+4 Slay+4}
                  | (Okawaru gifted it to you on level 2 of the Lair of Beasts)
 18826 | Lair:2   | Received a gift from Okawaru
 18992 | Lair:2   | Noticed a boulder beetle
 19004 | Lair:2   | Killed a boulder beetle
 19165 | Lair:2   | Reached skill level 8 in Fighting
 19165 | Lair:2   | Reached skill level 5 in Shields
 19693 | Lair:3   | Reached skill level 5 in Armour
 19721 | Lair:3   | Found a runed translucent gate.
 19721 | Lair:3   | Found a runed translucent gate.
 19721 | Lair:3   | Found a runed translucent gate.
 19724 | Lair:3   | Noticed bmack86's ghost (journeyman MiFi)
 19785 | Lair:3   | Noticed a seven-headed hydra
 20054 | Lair:3   | Gained mutation: You are strongly in touch with the powers
                  | of death. [Mummy growth]
 20054 | Lair:3   | Reached XP level 13. HP: 94/98 MP: 17/17
 20561 | Lair:3   | Acquired the +7 demon blade "Giant's Regret" {pain, Str+3}
 20722 | Lair:3   | Found a hole to the Spider Nest.
 21075 | Lair:3   | Found a viscous altar of Jiyva.
 21326 | Lair:4   | Found a runed translucent door.
 21453 | Lair:5   | Entered Level 5 of the Lair of Beasts
 21459 | Lair:5   | Noticed Snorg
 21466 | Lair:4   | Noticed lotum's ghost (journeyman BaFi)
 21466 | Lair:4   | Found a shimmering altar of Xom.
 21755 | Lair:4   | Reached skill level 1 in Necromancy
 21968 | Lair:4   | Found a staircase to the Slime Pits.
 21969 | Lair:4   | Found a viscous altar of Jiyva.
 22610 | Lair:4   | Killed Snorg
 22611 | Lair:4   | Reached skill level 9 in Fighting
 22611 | Lair:4   | Reached skill level 1 in Evocations
 22660 | Lair:4   | Received a gift from Okawaru
 23153 | Lair:5   | Received a gift from Okawaru
 23403 | Lair:5   | Reached skill level 5 in Dodging
 23470 | Lair:5   | Identified the +0 scale mail "Lillu" {Rampage rElec Dex+3}
                  | (Okawaru gifted it to you on level 5 of the Lair of Beasts)
 23470 | Lair:5   | Received a gift from Okawaru
 23847 | Lair:5   | Reached XP level 14. HP: 96/108 MP: 16/19
 23989 | Lair:5   | Reached skill level 5 in Throwing
 24402 | Lair:5   | Identified the +1 ring mail "Meink" {rPois Slay+5}
 24866 | Orc:1    | Entered Level 1 of the Orcish Mines
 24997 | Orc:2    | Entered Level 2 of the Orcish Mines
 25027 | Orc:1    | Found a frozen archway.
 25044 | IceCv    | Entered an ice cave
 25073 | IceCv    | Found a transporter.
 25086 | IceCv    | Found a transporter.
 25187 | Orc:2    | Reached skill level 10 in Fighting
 25201 | Orc:2    | Found a staircase to the Elven Halls.
 25418 | Orc:2    | Received a gift from Okawaru
 25764 | Orc:1    | You fall into a shaft and drop 1 floor!
 26001 | Orc:2    | Noticed an orc warlord
 26063 | Orc:1    | Received a gift from Okawaru
 26119 | Orc:2    | Killed an orc warlord
 26613 | Orc:2    | Found Uschecet's General Store.
 26614 | Orc:2    | Found Ovear's Jewellery Emporium.
 26616 | Orc:2    | Found Tanirri's Antique Armour Shoppe.
 26616 | Orc:2    | Found Eddof's Antique Weapon Shoppe.
 26621 | Orc:2    | Bought a shiny helmet for 195 gold pieces
 26621 | Orc:2    | Bought a transparent chain mail for 247 gold pieces
 26621 | Orc:2    | Identified the +0 chain mail of the Swan {rCorr Int+6
                  | Stlth-} (You bought it in a shop on level 2 of the Orcish
                  | Mines)
 26623 | Orc:2    | Bought a glowing chain mail for 195 gold pieces
 26646 | Orc:2    | Bought a scroll of teleportation for 30 gold pieces
 26983 | D:12     | Received a gift from Okawaru
 27916 | D:13     | Received a gift from Okawaru
 27970 | D:13     | Reached XP level 15. HP: 52/117 MP: 21/21
 28179 | D:13     | Reached skill level 5 in Evocations
 28214 | D:13     | Found a gate to the Vaults.
 28688 | D:13     | Found Nellyoth's Serpentskin Sales.
 28692 | D:13     | Reached skill level 11 in Fighting
 28913 | D:13     | Bought 2 curare-tipped darts for 15 gold pieces
 28913 | D:13     | Bought 4 curare-tipped darts for 31 gold pieces
 28913 | D:13     | Bought 5 curare-tipped darts for 39 gold pieces
 28913 | D:13     | Bought a scroll of poison for 52 gold pieces
 29555 | D:14     | Received a gift from Okawaru
 30320 | D:15     | Entered Level 15 of the Dungeon
 30370 | D:14     | Learned a level 5 spell: Borgnjor's Vile Clutch
 30501 | D:15     | Received a gift from Okawaru
 30536 | D:15     | Noticed Nessos
 30537 | D:15     | Nessos changed into Nessos the redback
 30537 | D:15     | Noticed Nessos
 30540 | D:15     | Killed Nessos the redback
 30591 | D:15     | Identified the +8 sling of Udoe {vorpal, rF+ Str+2}
 30737 | D:15     | Identified the +1 troll leather armour of Yxkul {+Blink
                  | Regen+ Str+9 Int-3 Dex+4} (Okawaru gifted it to you on
                  | level 15 of the Dungeon)
 30737 | D:15     | Received a gift from Okawaru
 30769 | D:15     | Found a staircase to the Depths.
 31185 | D:15     | Found a hazy altar of Hepliaklqana.
 31281 | D:15     | Reached skill level 12 in Fighting
 31494 | D:15     | Learned a level 2 spell: Blink
 31684 | Shoals:1 | Entered Level 1 of the Shoals
 31703 | Shoals:1 | Noticed Louise
 31723 | Shoals:1 | Killed Louise
 32343 | Shoals:1 | You fall into a shaft and drop 1 floor!
 32849 | Shoals:1 | Received a gift from Okawaru
 32875 | Shoals:1 | Reached XP level 16. HP: 129/129 MP: 22/22
 32980 | Shoals:1 | Found Celimy's General Store.
 32982 | Shoals:1 | Found Hukimuqa's Specific Store.
 33015 | Shoals:1 | Identified the +1 pair of boots of Xaij {Stlth+} (Okawaru
                  | gifted it to you on level 1 of the Shoals)
 33015 | Shoals:1 | Received a gift from Okawaru
 33641 | Shoals:2 | Found Qecaal's Book Boutique.
 34595 | Shoals:3 | Reached skill level 13 in Fighting
 34595 | Shoals:3 | Reached skill level 10 in Shields
 34711 | Shoals:3 | Reached skill level 10 in Armour
 35118 | Shoals:3 | Noticed a kraken
 35154 | Shoals:3 | Killed a kraken
 35534 | Shoals:4 | Entered Level 4 of the Shoals
 35569 | Shoals:4 | Noticed Mara
 35569 | Shoals:4 | Found a flickering gateway to a bazaar.
 35807 | Shoals:4 | Noticed ragingrage's illusion
 35808 | Bazaar   | Entered a bazaar
 35808 | Bazaar   | Found Pizeut's Antique Armour Shop.
 35808 | Bazaar   | Found Ruwofi's Antique Weapon Shop.
 35827 | Bazaar   | Bought a twisted chain mail for 180 gold pieces
 35827 | Bazaar   | Identified the +4 chain mail "Demuwn" {Dex+3} (You bought
                  | it in a shop in a bazaar)
 35861 | Bazaar   | Found Hyrchim's Distillery.
 35908 | Shoals:4 | Noticed ragingrage's illusion
 35954 | Shoals:3 | Noticed ragingrage's illusion
 35958 | Shoals:3 | Killed Mara
 35958 | Shoals:3 | Received a gift from Okawaru
 35959 | Shoals:3 | Reached skill level 14 in Fighting
 36794 | Shoals:4 | Identified the +5 rapier of the Traitor {vorpal, rF- Str+5}
 36845 | Shoals:4 | Identified the +5 double sword "Gopeaff" {vorpal, Drain
                  | rPois Int+4} (Okawaru gifted it to you on level 4 of the
                  | Shoals)
 36845 | Shoals:4 | Received a gift from Okawaru
 36853 | Shoals:4 | Noticed a kraken
 36860 | Shoals:4 | Reached skill level 15 in Fighting
 37270 | Shoals:4 | Killed a kraken
 37342 | Shoals:4 | Got a barnacled rune of Zot
 38074 | Elf:1    | Entered Level 1 of the Elven Halls
 38084 | Elf:1    | Reached skill level 1 in Earth Magic
 38131 | Orc:2    | Received a gift from Okawaru
 38318 | Elf:1    | Reached XP level 17. HP: 116/142 MP: 24/24
 38324 | Elf:1    | Identified the +2 buckler of Tender Moments {Harm Str+4
                  | Int-5} (Okawaru gifted it to you on level 1 of the Elven
                  | Halls)
 38324 | Elf:1    | Received a gift from Okawaru
 38751 | Elf:1    | Reached skill level 1 in Stealth
 38927 | Elf:1    | Found a radiant altar of Vehumet.
 39438 | Elf:2    | Noticed Donald
 39458 | Elf:2    | Killed Donald
 39789 | Elf:2    | Reached skill level 5 in Necromancy
 40008 | Elf:2    | Identified the +2 pair of gloves of the Fiend {Rampage
                  | Dex+4} (Okawaru gifted it to you on level 2 of the Elven
                  | Halls)
 40008 | Elf:2    | Received a gift from Okawaru
 40136 | Arena    | Entered the Arena
 40469 | Vaults:1 | Entered Level 1 of the Vaults
 40682 | Vaults:1 | Reached skill level 10 in Invocations
 40778 | Vaults:1 | Noticed Aizul
 40791 | Vaults:1 | Killed Aizul
 41071 | Vaults:1 | Found the +0 pair of fencer's gloves {Riposte Dex+3}
 42751 | Arena    | Entered the Arena
 42756 | Arena    | Identified the +0 pair of gloves "Doog" {rC+ SInv} (Okawaru
                  | gifted it to you in the Arena)
 42756 | Arena    | Received a gift from Okawaru
 43077 | Vaults:2 | Reached XP level 18. HP: 128/151 MP: 25/25
 43660 | Vaults:2 | Reached skill level 16 in Fighting
 44315 | Vaults:2 | Identified the +3 war axe "Juqotsev" {vorpal, rPois Str+3}
 44683 | Vaults:2 | Noticed Zenata
 44685 | Vaults:2 | Reached skill level 5 in Stealth
 44698 | Vaults:2 | Killed Zenata
 44776 | Vaults:2 | Received a gift from Okawaru
 44886 | Vaults:2 | Found Roewoor's Jewellery Emporium.
 44998 | Vaults:2 | Found a staircase to the Crypt.
 44998 | Vaults:2 | Found a basalt altar of Yredelemnul.
 45013 | Vaults:2 | Received a gift from Okawaru
 45028 | Vaults:2 | Found an ancient bone altar of Kikubaaqudgha.
 45394 | Vaults:3 | Found a transporter.
 45394 | Vaults:3 | Found a transporter.
 45397 | Vaults:3 | Found a bloodstained altar of Trog.
 45397 | Vaults:3 | Noticed Ladeyfunk's ghost (adept DsBe)
 45697 | Vaults:3 | Found Vem Wum's Armour Shop.
 46712 | Arena    | Entered the Arena
 46720 | Arena    | Identified the +1 ring mail of Inviolability {rElec rF+
                  | Str+3} (Okawaru gifted it to you in the Arena)
 46720 | Arena    | Received a gift from Okawaru
 47522 | Vaults:1 | Upgraded the game from 0.30-a0-476-g330ca2eb8e to
                  | 0.30-a0-509-gd016549fea
 48137 | Vaults:3 | Reached XP level 19. HP: 156/159 MP: 27/27
 48238 | Vaults:4 | Noticed Saint Roka
 48247 | Vaults:4 | Reached skill level 17 in Fighting
 48251 | Vaults:4 | Killed Saint Roka
 48544 | Vaults:4 | Found Gumaole's Assorted Antiques.
 48576 | Vaults:4 | Found a runed translucent gate.
 48576 | Vaults:4 | Found a runed translucent gate.
 48576 | Vaults:4 | Found a runed translucent gate.
 48578 | Vaults:4 | Noticed Bipeafy's ghost (veteran MiAE)
 48909 | Vaults:4 | Noticed Margery
 48923 | Vaults:4 | Received a gift from Okawaru
 48949 | Vaults:4 | Killed Margery
 49353 | Vaults:4 | Found Zoduugou's Jewellery Shoppe.
 49895 | Vaults:4 | Received a gift from Okawaru
 50763 | Elf:2    | Received a gift from Okawaru
 50782 | Elf:2    | Found a runed translucent gate.
 50783 | Elf:2    | Found a runed translucent gate.
 50783 | Elf:2    | Found a runed translucent gate.
 50825 | Elf:3    | Entered Level 3 of the Elven Halls
 50833 | Elf:3    | Found a flickering gateway to a bazaar.
 50857 | Bazaar   | Entered a bazaar
 50857 | Bazaar   | Found Igoqut's General Store.
 50857 | Bazaar   | Found Biwylij's Magic Scroll Shoppe.
 50857 | Bazaar   | Found Lunumaze's Antique Weapon Emporium.
 50859 | Bazaar   | Found Riuhail's Jewellery Emporium.
 50864 | Bazaar   | Bought a scroll of torment for 114 gold pieces
 50864 | Bazaar   | Bought a scroll of fear for 48 gold pieces
 50864 | Bazaar   | Bought a scroll of teleportation for 36 gold pieces
 50864 | Bazaar   | Bought a scroll of teleportation for 36 gold pieces
 50867 | Bazaar   | Bought the ring of Axoddo {rElec AC+4 Str+3 Int+2} for 665
                  | gold pieces
 50867 | Bazaar   | Bought the macabre finger necklace {rN+} for 440 gold
                  | pieces
 50867 | Bazaar   | Found the macabre finger necklace {rN+}
 50867 | Bazaar   | Bought the amulet of Taonge Qast {Spirit Fragile rF+ Regen+
                  | Dex+2} for 468 gold pieces
 50882 | Bazaar   | Bought a scroll of vulnerability for 48 gold pieces
 51344 | Elf:3    | Paralysed by an air elemental for 1 turns
 51970 | Elf:3    | Identified the +3 spear of the Egg {vorpal, Str+3}
 51971 | Elf:3    | Identified the +7 mace "Emporin" {venom, *Corrode Str+3
                  | Dex+3 Stlth+}
 51999 | Elf:3    | Identified the +9 long sword "Concordance" {venom, Fragile
                  | rElec rPois MP-9 Stlth+} (Okawaru gifted it to you on level
                  | 3 of the Elven Halls)
 51999 | Elf:3    | Received a gift from Okawaru
 52000 | Elf:3    | Reached skill level 10 in Evocations
 52119 | Elf:3    | Identified the +8 bardiche "Ruwkuoli" {vamp, Str+2}
 52351 | Elf:3    | Reached XP level 20. HP: 170/170 MP: 28/28
 52371 | Elf:3    | Identified the +0 robe of Gallantry {rElec Int+4}
 52406 | Elf:3    | Received a gift from Okawaru
 52562 | Elf:3    | Identified the +4 spear of Dowk {drain, Int+4}
 52781 | Elf:3    | Reached skill level 18 in Fighting
 53021 | Elf:3    | Identified the +1 ring mail of Pan-Flutes {rN+ Regen+
                  | Int+4}
 53362 | Depths:1 | Entered Level 1 of the Depths
 53362 | Depths:1 | Noticed the Enchantress
 53370 | D:15     | Killed the Enchantress
 53469 | Depths:1 | Paralysed by a floating eye for 3 turns
 53474 | Arena    | Entered the Arena
 53710 | Depths:1 | Paralysed by a floating eye for 4 turns
 54335 | Depths:1 | Found a gateway to Hell.
 54508 | Depths:1 | Found a one-way gateway to a ziggurat.
 54608 | Depths:1 | Found Rorphusyc's One-of-a-Kind Rings.
 54679 | Depths:1 | Bought a +8 ring of dexterity for 935 gold pieces
 54752 | Depths:1 | Found Toolab's Book Shoppe.
 54753 | Depths:1 | Found Yrithok's Jewellery Shop.
 54755 | Depths:1 | Found Sugaazot's Book Shoppe.
 54784 | Depths:1 | Found a transporter.
 55550 | Depths:1 | Found a transporter.
 55934 | Depths:2 | Found Danougie's Distillery.
 55983 | Depths:1 | Reached skill level 10 in Dodging
 56059 | Depths:1 | Received a gift from Okawaru
 56366 | Depths:2 | Found a one-way gate leading to the halls of Pandemonium.
 57050 | Depths:2 | Reached XP level 21. HP: 177/177 MP: 28/30
 57180 | Depths:2 | Received a gift from Okawaru
 57248 | Depths:2 | Reached skill level 15 in Shields
 57266 | Depths:2 | Received a gift from Okawaru
 57406 | Depths:3 | Noticed a golden dragon
 57421 | Depths:3 | Killed a golden dragon
 57647 | Depths:3 | Found Zolud's Magic Scroll Boutique.
 57653 | Depths:3 | Bought a scroll of torment for 180 gold pieces
 57653 | Depths:3 | Bought a scroll of teleportation for 57 gold pieces
 57653 | Depths:3 | Bought a scroll of magic mapping for 142 gold pieces
 57653 | Depths:3 | Bought a scroll of magic mapping for 142 gold pieces
 57653 | Depths:3 | Bought a scroll of poison for 76 gold pieces
 57662 | Depths:3 | You fall into a shaft and drop 1 floor!
 57662 | Depths:4 | Entered Level 4 of the Depths
 57853 | Depths:3 | Noticed Jory
 58262 | Depths:3 | Killed Jory
 58435 | Depths:3 | Got the Codex of the Floating Iceberg
 58841 | Depths:3 | Received a gift from Okawaru
 58926 | Depths:3 | Found a one-way gate to the infinite horrors of the Abyss.
 59161 | Depths:3 | Noticed a caustic shrike
 59399 | Depths:3 | Received a gift from Okawaru
 59690 | Depths:3 | Killed a caustic shrike
 59888 | Depths:3 | Identified the +1 plate armour "Lex Kah" {rN+}
 60118 | Depths:4 | Received a gift from Okawaru
 60249 | Depths:4 | Identified the +6 flail of the Wicked God {freeze, rF-
                  | rCorr Dex+6 SInv}
 60252 | Depths:4 | Identified the +16 plate armour of Veuzoer {Rampage Str+3}
 60329 | Depths:4 | Found a sacrificial altar of Ru.
 60976 | Depths:4 | Noticed a golden dragon
 61001 | Depths:4 | Killed a golden dragon
 61001 | Depths:4 | Received a gift from Okawaru
 61035 | Depths:4 | Found a gate to the Realm of Zot.
 61329 | Spider:1 | Entered Level 1 of the Spider Nest
 61596 | Spider:1 | Noticed Kirke
 61610 | Spider:1 | Killed Kirke
 61803 | Spider:1 | Reached XP level 22. HP: 175/184 MP: 28/31
 61806 | Spider:1 | Received a gift from Okawaru
 62597 | Spider:2 | Received a gift from Okawaru
 62832 | Spider:2 | Reached skill level 15 in Long Blades
 63051 | Spider:3 | Reached skill level 15 in Dodging
 63116 | Spider:3 | Reached skill level 1 in Spellcasting
 63210 | Spider:3 | Reached skill level 1 in Translocations
 63554 | Spider:4 | Entered Level 4 of the Spider Nest
 63644 | Spider:4 | Received a gift from Okawaru
 63644 | Spider:4 | Found the +15 Maxwell's patent armour {-Cast -Tele rElec
                  | Will+ rCorr}
 64111 | Spider:4 | Reached skill level 5 in Spellcasting
 65336 | Spider:4 | Got a gossamer rune of Zot
 65653 | Slime:1  | Entered Level 1 of the Pits of Slime
 66061 | Slime:3  | Received a gift from Okawaru
 66062 | Slime:3  | Reached skill level 5 in Translocations
 66432 | Slime:5  | Entered Level 5 of the Pits of Slime
 66499 | Slime:5  | Noticed the Royal Jelly
 66695 | Slime:5  | Found a viscous altar of Jiyva.
 66722 | Slime:5  | Reached XP level 23. HP: 183/190 MP: 31/36
 66791 | Slime:5  | Killed the Royal Jelly
 66791 | Slime:5  | Received a gift from Okawaru
 66855 | Slime:5  | Identified the +0 falchion "Plog" {protect, *Rage Str+6
                  | Int+4 Stlth+}
 66910 | Slime:5  | Got the Codex of the Combative Oath
 66914 | Slime:5  | Got a slimy rune of Zot
 66923 | Slime:5  | Identified the +6 mace of Hust {vamp, Fragile Str+3 Stlth+}
 67318 | Zot:1    | Entered Level 1 of the Realm of Zot
 67559 | Zot:1    | Noticed an orb of fire
 67589 | Zot:1    | Killed an orb of fire
 68299 | Zot:2    | Received a gift from Okawaru
 68413 | Zot:2    | Received a gift from Okawaru
 68416 | Zot:2    | Noticed a Killer Klown
 68543 | Zot:1    | Killed a Killer Klown
 68900 | Zot:2    | Received a gift from Okawaru
 69061 | Zot:2    | Found a transporter.
 69277 | Zot:2    | Noticed a curse toe
 69290 | Zot:2    | Killed a curse toe
 69491 | Zot:2    | Reached skill level 19 in Fighting
 71145 | Zot:3    | Received a gift from Okawaru
 71284 | Zot:3    | Noticed a Killer Klown
 71307 | Zot:3    | Killed a Killer Klown
 71308 | Zot:3    | Reached XP level 24. HP: 198/202 MP: 35/36
 71427 | Zot:3    | Noticed a Killer Klown
 71436 | Zot:3    | Identified the +0 scimitar of Generosity {distort, Will+
                  | SInv} (Okawaru gifted it to you on level 3 of the Realm of
                  | Zot)
 71436 | Zot:3    | Received a gift from Okawaru
 71466 | Zot:3    | Killed a Killer Klown
 72835 | Zot:4    | Identified the +2 scale mail of Sophism {*Slow rF+ Dex+2
                  | Stlth+} (Okawaru gifted it to you on level 4 of the Realm
                  | of Zot)
 72835 | Zot:4    | Received a gift from Okawaru
 72949 | Zot:4    | Noticed Vv
 72985 | Zot:4    | Killed Vv
 72986 | Zot:4    | Reached skill level 20 in Fighting
 73212 | Zot:5    | Entered Level 5 of the Realm of Zot
 74369 | Zot:5    | Noticed a Killer Klown
 74387 | Zot:5    | Killed a Killer Klown
 74579 | Zot:5    | Noticed an orb of fire
 75389 | Zot:5    | Identified the +4 scale mail of the Desolation of Salt
                  | {+Inv Str+4 Int+3} (Okawaru gifted it to you on level 5 of
                  | the Realm of Zot)
 75389 | Zot:5    | Received a gift from Okawaru
 75680 | Zot:5    | Killed an orb of fire
 75783 | Zot:5    | Noticed an orb of fire
 75821 | Zot:5    | Killed an orb of fire
 75911 | Zot:5    | Noticed a Killer Klown
 75938 | Zot:5    | Killed a Killer Klown
 76311 | Zot:5    | Noticed a Killer Klown
 76344 | Zot:5    | Killed a Killer Klown
 76373 | Zot:5    | Got the Orb of Zot
 76376 | Zot:5    | Noticed an orb of fire
 76376 | Zot:5    | Noticed an ancient lich
 76562 | Depths:4 | Noticed Uvanav the pandemonium lord
 76583 | Depths:4 | Killed Uvanav the pandemonium lord
 76593 | Depths:4 | Noticed Ethymul the pandemonium lord
 76613 | Depths:4 | Killed Ethymul the pandemonium lord
 76621 | Depths:4 | Received a gift from Okawaru
 76767 | D:14     | Reached XP level 25. HP: 182/210 MP: 30/36
 76774 | D:13     | Noticed Wutar the pandemonium lord
 76805 | D:13     | Killed Wutar the pandemonium lord
 77106 | D:$      | Escaped with the Orb!

Illustrated notes

Levels and vault maps discovered:
D:1:      dpeg_arrival_more_subterranean_lakeside_camping, layout_basic,
          chequers_avenue
D:2:      layout_basic, minmay_lizard_king, uniq_terence,
          uniq_crazy_yiuf_cottage
D:3:      minmay_octagon_keep, layout_basic, mainiacjoe_overflow_paths,
          gammafunk_temple_overflow_pools, kennysheep_slug_shrine,
          portal_sewer_entry_e, minmay_distorted
D:4:      layout_basic, mainiacjoe_overflow_concentric_impassable,
          serial_forest, infiniplex_forest_split, infiniplex_forest_clump_tiny,
          infiniplex_forest_corner_1, infiniplex_forest_straight_2,
          infiniplex_forest_end_2, infiniplex_forest_zigzag_2,
          minmay_hollow_rounded_squares
D:5:      layout_gridville, mainiacjoe_overflow_surrounded_room,
          lemuel_doored_altar, palyth_stone_intersect, grunt_tough_drop
D:6:      gammafunk_wand_slinger, layout_basic, minmay_temple_entry_butterflies,
          serial_shops, shop_fountains, ebering_ghost_inner_flame, uniq_duvessa
D:7:      erik_cavepeople, layout_loops_ring, serial_shops, shop_coins,
          st_stairs_10
D:8:      layout_rooms
D:9:      layout_basic, lemuel_tele_altar, erik_orc_1, serial_curves,
          eino_curves_02, eino_curves_01
D:10:     layout_loops_ring, kennysheep_mini_moat, david_lair_shrubbed,
          enter_bailey_4, minmay_mirror_moons_of_madness
D:11:     layout_small_grid, uniq_urug, uniq_fannar
D:12:     layout_irregular_city
D:13:     layout_stronghold, skrybe_vaults_entry_preservation,
          guppyfry_shop_venom
D:14:     minmay_angry_zag, layout_loops_cross, nicolae_elyvilon_temple_path
D:15:     grunt_enter_depths_hoard, layout_loops_ring,
          worldfamousw_hep_ancestral_shrine, uniq_nessos
Temple:   cyrus_circular_temple
Lair:1:   layout_regular_city, st_stairs_12, gammafunk_lair_bear_cave,
          grunt_megastairs_2, serial_bayou_shore_b, infiniplex_staircase_pool
Lair:2:   layout_cellular_growth, minmay_shoals_entry_beasts,
          serial_bayou_shore_b, uniq_harold
Lair:3:   layout_small_grid, dummy_spider_entry, gammafunk_ghost_ooze,
          serial_bayou_shore_b
Lair:4:   layout_hall_layers, nicolae_slime_entry_slimehenge, ebering_ghost_xom
Lair:5:   minmay_lair_end_frog_pond, layout_long_grid, uniq_snorg
Shoals:1: layout_shoals, nicolae_specific_store, uniq_louise
Shoals:2: layout_shoals, serial_shops, nicolae_shop_statue_plus
Shoals:3: cheibrodos_shoals_roost, layout_shoals, nicolae_shoals_spectral_cove
Shoals:4: shoals_end_hangedman, layout_shoals, serial_shops, bzr_entry_gold,
          uniq_mara
Spider:1: layout_spider_delve, nicolae_spider_checkerboard, uniq_kirke
Spider:2: layout_spider_delve
Spider:3: layout_spider_delve
Spider:4: grunt_spider_rune_parallel
Slime:1:  layout_caves, cheibrodos_slime_lost_civilization_4
Slime:2:  layout_caves
Slime:3:  layout_caves
Slime:4:  layout_caves
Slime:5
Orc:1:    layout_caves, portal_ice_cave_entry_pillars_2
Orc:2:    st_orc_congregation, layout_caves
Elf:1:    eino_elf_arrival_the_gate, layout_gridlike, basic_altar,
          minmay_elf_crystal_hexagon, dreamdust_princess_corridor
Elf:2:    nicolae_elf_blades_crystal_corner, layout_loops_cross, uniq_donald
Elf:3:    elf_hall, layout_geoelf_diagonals, serial_shops, bzr_entry_dummy
Vaults:1: nicolae_vaults_ninety_degrees, vaults_mumra_chevron_long,
          nicolae_vaults_mini_display_case, nicolae_vaults_hallways_thing,
          v_rooms_2, nicolae_vaults_murderbox, nicolae_vaults_theta,
          vaults_room_door_ring, vaults_room_pool, vaults_dpeg_emergency_exit,
          layout_vaults_omnigrid, uniq_aizul
Vaults:2: minmay_crypt_entry_necro_gods, nicolae_vaults_theta, v_misc_3,
          grunt_vaults_twisty, v_alt_pattern_3, dpeg_vaults_monster_box,
          ontoclasm_vaults_claustrophobia, vaults_mumra_chevron,
          nicolae_vaults_theta, grunt_vaults_diagonal, hangedman_vaults_maws,
          ontoclasm_vaults_decontamination, layout_vaults_big_room,
          serial_shops, nicolae_shop_hallway_stairs, uniq_zenata
Vaults:3: gammafunk_ghost_wrathful_warriors, hangedman_vaults_restitches,
          vaults_dpeg_doors, vaults_standard_mumra_enter_the_diamond, v_misc_33,
          v_pattern_4, st_cells, nicolae_vaults_angled_halls,
          vaults_dpeg_diagonal, nicolae_vaults_alarming, v_misc_25,
          nicolae_vaults_three_branches, grunt_vaults_hallway_long,
          hangedman_vaults_impose, layout_vaults_omnicross, serial_shops,
          nicolae_shop_waterfront
Vaults:4: gammafunk_ghost_necromancy, vaults_room_boxed,
          nicolae_vaults_network_s, ontoclasm_vaults_idyll, v_misc_23,
          v_pattern_2, vaults_room_door_ring, vaults_mumra_minichess,
          vaults_room_pools, layout_vaults_ring, serial_shops, shop_statue,
          shop_fountains, uniq_margery, uniq_saint_roka
Depths:1: layout_gridlike, enter_ziggurat_d, pf_hell_entry_tar_river,
          kennysheep_big_empty_room, nicolae_shop_unique_rings,
          nicolae_diode_stairs, minmay_shop_grove, uniq_enchantress
Depths:2: minmay_box_of_statues, layout_cave_pools, grunt_hell_horde,
          rand_demon_pan_entry_4, serial_shops, shop
Depths:3: minmay_nine_rooms, layout_basic, abyss_entry,
          minmay_misc_feat_more_columns, hangedman_geh_valley, minmay_shop_star,
          uniq_jory
Depths:4: evilmike_zot_entry_hall, layout_gridlike, hell_entry,
          nicolae_ru_sacrificial_ziggurat, minmay_the_grid_square_5x5_3x3_mashed
          [minmay_the_grid_square_5x5_bracketed,
          minmay_the_grid_square_5x5_trominoes,
          minmay_the_grid_square_5x5_almost_minimal,
          minmay_the_grid_square_5x5_six,
          minmay_the_grid_square_5x5_megaprize_hollow,
          minmay_the_grid_square_5x5_eight, minmay_the_grid_square_5x5_n,
          minmay_the_grid_square_5x5_shrine2, minmay_the_grid_square_5x5_forky]
Zot:1:    layout_onion_interference
Zot:2:    layout_concentric_octagons, bh_zot_levy_curve,
          st_single_dragon_hoard_4, nicolae_diode_basic, grunt_megastairs_3
Zot:3:    grunt_zot_stairs_faceoff, layout_cathedral_of_symmetry,
          lemuel_elevator
Zot:4:    layout_cellular_growth, hangedman_hellfire_club, uniq_vv
Zot:5:    layout_misc_corridors, skrybe_zot_glass_3

Skill      XL: |  1  2  3  4  5  6  7  8  9 10 11 12 13 14 15 16 17 18 19 20 21 22 23 24 25 |
---------------+----------------------------------------------------------------------------+-----
Long Blades    | 2 3 4 5 6 7 9 11 13 14 15 | 15.0
Conjurations   | 1 |  1.6
Air Magic      | 1 2 |  2.5
Invocations    | 5 6 7 8 9 10 11 12 | 12.0
Fighting       | 5 8 9 10 12 15 16 17 18 19 20 | 20.0
Armour         | 3 5 6 7 9 10 12 | 12.0
Shields        | 3 5 6 7 9 10 12 13 14 15 16 | 16.5
Dodging        | 1 3 5 6 8 11 14 15 16 | 16.1
Throwing       | 1 3 4 6 |  6.0
Necromancy     | 1 2 5 |  5.2
Evocations     | 2 4 5 7 8 10 11 12 13 14 | 14.0
Earth Magic    | 1 2 |  2.7
Stealth        | 4 5 |  5.0
Spellcasting   | 9 |  9.0
Translocations | 5 8 |  8.0

Action                   |  1- 3 |  4- 6 |  7- 9 | 10-12 | 13-15 | 16-18 | 19-21 | 22-24 | 25-27 || total
-------------------------+-------+-------+-------+-------+-------+-------+-------+-------+-------++-------
Melee: Short sword       |    92 |   226 |   444 |   106 |       |       |       |       |       ||   868
       Long sword        |       |       |     4 |       |       |       |       |       |       ||     4
       Falchion          |       |       |       |   553 |       |       |       |       |       ||   553
       Demon blade       |       |       |       |   418 |  1468 |  1718 |  1784 |  2073 |    68 ||  7529
       Broad axe         |       |       |       |       |    28 |       |       |       |       ||    28
       Scimitar          |       |       |       |       |    18 |       |       |       |       ||    18
 Fire: Sling             |       |       |       |       |     6 |    10 |       |       |       ||    16
       Hand crossbow     |       |       |       |       |       |     2 |       |       |       ||     2
Throw: Dart              |     5 |       |     9 |    57 |    46 |       |     4 |       |       ||   121
       Boomerang         |       |       |       |       |    37 |    81 |    52 |   102 |       ||   272
       Throwing net      |       |       |       |       |     3 |     1 |     4 |     1 |       ||     9
       Javelin           |       |       |       |       |       |     4 |     7 |    11 |       ||    22
Invok: Heroism           |       |       |     2 |    13 |    14 |    19 |     6 |    14 |     2 ||    70
       Finesse           |       |       |       |     1 |     1 |     1 |     8 |     8 |     1 ||    20
       Duel              |       |       |       |       |       |     3 |     1 |       |       ||     4
Evoke: Wand              |       |       |     6 |     4 |     3 |     6 |     6 |     2 |       ||    27
       Condenser vane    |       |       |       |       |     3 |     5 |     6 |     2 |     1 ||    17
       Tin of tremorston |       |       |       |       |     1 |     8 |     6 |     1 |       ||    16
       Lightning rod     |       |       |       |       |       |       |     1 |       |       ||     1
  Use: Scroll            |     1 |       |     2 |    15 |    11 |    14 |     4 |    10 |     1 ||    58
 Stab: Confused          |       |       |       |     1 |       |       |       |       |       ||     1
       Invisible         |       |       |       |     6 |       |       |     2 |     2 |       ||    10
       Held in net/web   |       |       |       |       |     2 |     1 |     3 |     4 |       ||    10
       Distracted        |       |       |       |       |       |     4 |     2 |     5 |       ||    11
       Sleeping          |       |       |       |       |       |     6 |    18 |    16 |       ||    40
Armor: Scale mail        |    27 |    92 |   150 |    74 |       |    60 |     7 |       |       ||   410
       Chain mail        |       |       |       |   225 |   480 |     7 |       |       |       ||   712
       Quicksilver drago |       |       |       |       |   150 |   437 |   412 |   144 |       ||  1143
       Fire dragon scale |       |       |       |       |       |    34 |       |   294 |    16 ||   344
Dodge: Dodged            |    38 |    82 |   121 |   256 |   521 |   596 |   716 |  1284 |    35 ||  3649
       Repelled          |       |       |       |       |       |     4 |       |       |       ||     4
Block: Buckler           |    16 |    44 |    67 |   172 |   347 |   266 |       |       |       ||   912
       Kite shield       |       |       |       |       |       |   360 |   961 |  1437 |    40 ||  2798
       Reflection        |       |       |       |       |       |       |    32 |       |       ||    32
       Rpst.: Demon blade |       |       |       |       |       |   148 |   444 |   683 |    21 ||  1296

Table legend: (Time is in decaauts)
 A = Elapsed time spent in this place.
 B = Non-inter-level travel time spent in this place.
 C = Inter-level travel time spent in this place.
 D = Time resting spent in this place.
 E = Time spent auto-exploring this place.
 F = Levels seen in this place.
 G = Mean time per level.
                   A        B        C        D        E       F      G
               +--------+--------+--------+--------+--------+-----+--------+
         Total |  74512 |  67266 |   7246 |  19054 |  28858 |  60 | 1241.9 |
       Dungeon |  22349 |  19019 |   3330 |   5031 |   9090 |  15 | 1489.9 |
        Temple |     64 |     43 |     21 |      0 |     34 |   1 |   64.0 |
          Lair |   8239 |   7140 |   1099 |   1447 |   3889 |   5 | 1647.8 |
        Shoals |   5697 |   5375 |    322 |   1591 |   2033 |   4 | 1424.2 |
   Spider Nest |   4091 |   3876 |    215 |    491 |   2102 |   4 | 1022.8 |
    Slime Pits |   1210 |   1071 |    139 |    337 |    229 |   5 |  242.0 |
  Orcish Mines |   2029 |   1782 |    247 |    211 |    676 |   2 | 1014.5 |
   Elven Halls |   4710 |   4384 |    326 |   1523 |   1544 |   3 | 1570.0 |
        Vaults |   8974 |   8450 |    524 |   2839 |   3457 |   4 | 2243.5 |
        Depths |   6888 |   6292 |    596 |   1726 |   2590 |   4 | 1722.0 |
           Zot |   8868 |   8444 |    424 |   3341 |   3007 |   5 | 1773.6 |
        Bazaar |    132 |    132 |      0 |      0 |     52 |   2 |   66.0 |
        Bailey |   1104 |   1104 |      0 |    476 |    151 |   1 | 1104.0 |
      Ice Cave |     63 |     63 |      0 |      3 |      0 |   1 |   63.0 |
         Arena |     87 |     87 |      0 |     34 |      0 |   4 |   21.8 |
               +--------+--------+--------+--------+--------+-----+--------+

Top non-repeatable levels by time:
Vaults:2: 3151 daAuts
   Zot:5: 3083 daAuts
     D:7: 2754 daAuts
Shoals:3: 2262 daAuts
Vaults:3: 2225 daAuts
Depths:3: 2171 daAuts
   Elf:3: 2117 daAuts
    D:10: 2087 daAuts
  Lair:4: 2070 daAuts
     D:9: 2062 daAuts
    D:15: 1939 daAuts
  Lair:2: 1888 daAuts
Vaults:1: 1867 daAuts
Spider:4: 1832 daAuts
Depths:1: 1817 daAuts
